 Dungeon Crawl Stone Soup version 0.21.1-1-g345015fe64 (webtiles) character file.

3847 Faustar the Severer (level 9, -12/70 HPs)
             Began as a Minotaur Abyssal Knight on Feb 9, 2018.
             Was an Elder of Lugonu.
             Mangled by FortKnight's ghost (27 damage)
             ... on level 7 of the Dungeon.
             The game lasted 00:11:21 (8401 turns).

Faustar the Severer (Minotaur Abyssal Knight)       Turns: 8401, Time: 00:11:21

Health: -12/70     AC:  7    Str: 22    XL:     9   Next: 98%
Magic:  9/9        EV: 11    Int:  9    God:    Lugonu [****..]
Gold:   427        SH:  3    Dex: 10    Spells: 8/8 levels left

rFire    . . .     SeeInvis +   F - +0 war axe (flame)
rCold    . . .     Gourm    .   (no shield)
rNeg     . . .     Faith    .   b - +0 leather armour
rPois    .         Spirit   .   (helmet restricted)
rElec    .         Reflect  +   y - +1 cloak {+Inv}
rCorr    .         Harm     .   (no gloves)
MR       .....                  k - +1 pair of boots
Stlth    +.........             v - +3 amulet of reflection
HPRegen  0.21/turn              p - ring of see invisible
MPRegen  0.11/turn              x - +2 ring of strength

@: no status effects
A: retaliatory headbutt, horns 2
a: Depart the Abyss, Bend Space, Banish, Corrupt, Renounce Religion, Evoke
Invisibility


You were on level 7 of the Dungeon.
You worshipped Lugonu.
Lugonu was greatly pleased with you.
You were hungry.

You visited 2 branches of the dungeon, and saw 9 of its levels.
You visited the Abyss 1 time.

You collected 427 gold pieces.

Inventory:

Hand Weapons
 q - a +1 war axe of freezing
 F - a +0 war axe of flaming (weapon)
Armour
 b - a +0 leather armour (worn)
 k - a +1 pair of boots (worn)
 y - a +1 cloak of invisibility (worn)
Jewellery
 p - a ring of see invisible (left hand)
 v - a +3 amulet of reflection (around neck)
 x - a +2 ring of strength (right hand)
 C - an uncursed amulet of guardian spirit
 E - an uncursed ring of positive energy {unknown}
Wands
 d - a wand of flame (23)
 h - a wand of paralysis (7)
 t - a wand of random effects (112)
 H - a wand of digging (12)
Scrolls
 a - 2 scrolls of magic mapping
 e - a scroll of fog
 i - 2 scrolls of amnesia
 n - 5 scrolls of remove curse
 o - 12 scrolls of identify
 r - 7 scrolls of teleportation
 z - a scroll of silence {unknown}
 B - a scroll of blinking
Potions
 f - 2 potions of haste
 g - a potion of heal wounds
 j - a potion of ambrosia
 l - 2 potions of agility
 m - 3 potions of curing
 u - 2 potions of brilliance {unknown}
 w - a potion of might {unknown}
 A - 2 potions of magic {unknown}
 D - 2 potions of lignification {unknown}
Books
 s - a book of Misfortune

   Spells                             Type                      Level
   a - Confusing Touch                Hexes                        1
   b - Confuse                        Hexes                        3
   c - Gell's Gravitas                Translocation                3
   d - Petrify                        Transmutation/Earth          4
   e - Metabolic Englaciation         Hexes/Ice                    5
   f - Yara's Violent Unravelling     Hexes/Transmutation          5
Comestibles
 c - 18 rations


   Skills:
 - Level 3.6 Fighting
 + Level 16.1 Axes
 - Level 2.4 Armour
 - Level 1.1 Dodging
 - Level 1.7 Invocations


You had 8 spell levels left.
You didn't know any spells.

Dungeon Overview and Level Annotations

Branches:
Dungeon (8/15)             Temple (1/1) D:6            Lair (0/6) D:8

Altars:
Ashenzari
Dithmenos
Elyvilon
Hepliaklqana
Kikubaaqudgha
Wu Jian
Xom
Yredelemnul
Zin

Shops:
D:4 *   D:6 [

Annotations:
D:7 FortKnight's ghost, novice TrBe


Innate Abilities, Weirdness & Mutations

You reflexively headbutt those who attack you in melee.
You have a pair of horns on your head.


Message History

FortKnight's ghost closely misses you.
You closely miss FortKnight's ghost.
Your headbutt misses FortKnight's ghost.
FortKnight's ghost hits you!!
You slash FortKnight's ghost! You burn FortKnight's ghost.
You headbutt FortKnight's ghost.
FortKnight's ghost is moderately damaged.
You hit FortKnight's ghost but do no damage.
FortKnight's ghost is moderately damaged.
FortKnight's ghost misses you.
You slash FortKnight's ghost! You burn FortKnight's ghost.
FortKnight's ghost is moderately damaged.
FortKnight's ghost hits you!!
* * * LOW HITPOINT WARNING * * *
You slice FortKnight's ghost!! You burn FortKnight's ghost.
FortKnight's ghost is severely damaged.
You completely miss FortKnight's ghost.
FortKnight's ghost is severely damaged.
FortKnight's ghost hits you!!
You die...

#.##.#.#(#.#.##.#'####
#######.##.#.#.#.#.[..#.#
.....##.##.#.#.....####.#
####.....#.#...#.#......#########
............<..)...W.............
...#....(#(#.#.#.#..........#####
...##.##..)..#.#..<.......#.#
...............##########.#.#
...###.##!(....W@.).# #.#.# ####
#.###(#.######.# #.#.# #..##..(#
#.# #.#.# #.......# #.# #.#.#####
#.......# #.# #.#...... #.......#
#.# #........ ###.......#
#.############. #......##.#
#.............. #......##.#
#############..


You could see FortKnight's ghost.

Vanquished Creatures
  A hornet (D:7)
  A hippogriff (D:7)
  Sigmund (D:4)
  A spriggan (D:7)
  A wyvern (D:7)
  2 orc warriors
  2 phantoms
  The ghost of Faustar the Chopper, an amateur HOAK of Lugonu (D:3)
  An eye of draining (D:7)
  An ice beast (D:6)
  5 ogres
  A crocodile (D:8)
  2 centaurs
  2 bullfrogs
  A water moccasin zombie (D:6)
  A scorpion (D:6)
  2 howler monkeys
  4 crimson imps
  A centaur zombie (D:7)
  5 jellies
  6 hounds
  4 orc priests
  3 bullfrog skeletons
  Crazy Yiuf (D:4)
  4 orc wizards
  Ijyb (D:5)
  4 iguanas
  Natasha (thrice) (D:3)
  4 worker ants
  A worker ant zombie (D:6)
  3 gnolls (D:7)
  7 adders
  A shadow imp (D:5)
  An ooze (D:2)
  A worm (D:2)
  3 dart slugs
  8 leopard geckos
  26 orcs
  8 bats
  6 giant cockroaches
  10 goblins
  7 hobgoblins
  14 jackals
  6 quokkas
  4 frilled lizards
  A giant cockroach zombie (D:5)
  7 kobolds
  A leopard gecko skeleton (D:5)
  23 rats
204 creatures vanquished.

Notes
Turn   | Place    | Note
-------+----------+-------------------------------------------
     0 | Abyss:1  | Faustar the Minotaur Abyssal Knight began the quest for the Orb.
     0 | Abyss:1  | Reached XP level 1. HP: 19/19 MP: 1/1
    17 | D:1      | Escaped the Abyss
    26 | D:1      | Reached skill level 3 in Axes
    30 | D:1      | Reached XP level 2. HP: 26/26 MP: 2/2
   141 | D:1      | Reached skill level 4 in Axes
   201 | D:1      | Reached ** piety under Lugonu
   393 | D:1      | Reached XP level 3. HP: 28/31 MP: 3/3
   760 | D:2      | Reached skill level 5 in Axes
  1077 | D:2      | Reached XP level 4. HP: 31/39 MP: 4/4
  1182 | D:2      | HP: 1/39 [something/magic dart (5)]
  1581 | D:2      | Reached skill level 6 in Axes
  2082 | D:3      | Reached XP level 5. HP: 33/45 MP: 5/5
  2223 | D:3      | Noticed Natasha
  2230 | D:3      | Killed Natasha
  2265 | D:3      | Reached *** piety under Lugonu
  2377 | D:3      | Noticed Natasha
  2382 | D:3      | Killed Natasha
  2382 | D:3      | Reached skill level 7 in Axes
  2401 | D:3      | Found a hazy altar of Hepliaklqana.
  2402 | D:3      | Found a shimmering altar of Xom.
  2402 | D:3      | Noticed a yak
  2403 | D:3      | Noticed a yak
  2403 | D:3      | Noticed a spectral ugly thing
  2431 | D:3      | Noticed Faustar's ghost (amateur HOAK)
  2572 | D:4      | Found a white marble altar of Elyvilon.
  2640 | D:4      | Noticed a phantom
  2661 | D:4      | Killed a phantom
  2661 | D:4      | Reached XP level 6. HP: 50/51 MP: 6/6
  2745 | D:4      | Reached skill level 8 in Axes
  2988 | D:4      | Found Beklaen's Assorted Antiques.
  3091 | D:4      | Found a glowing silver altar of Zin.
  3336 | D:4      | Noticed Sigmund
  3343 | D:4      | Killed Sigmund
  3343 | D:4      | Reached skill level 9 in Axes
  3491 | D:4      | Found a runed door.
  3591 | D:4      | Found a basalt altar of Yredelemnul.
  3842 | D:4      | Noticed Crazy Yiuf
  3845 | D:4      | Killed Crazy Yiuf
  3845 | D:4      | Reached XP level 7. HP: 57/57 MP: 7/7
  3917 | D:5      | Entered Level 5 of the Dungeon
  3994 | D:5      | Found an ornate altar of the Wu Jian Council.
  4128 | D:3      | Killed Faustar's ghost
  4128 | D:3      | Reached skill level 10 in Axes
  4145 | D:3      | Noticed Natasha
  4159 | D:3      | Killed Natasha
  5054 | D:5      | Reached skill level 11 in Axes
  5207 | D:5      | Found an ancient bone altar of Kikubaaqudgha.
  5245 | D:5      | Noticed Ijyb
  5249 | D:5      | Paralysed by Ijyb for 2 turns
  5253 | D:5      | Paralysed by Ijyb for 7 turns
  5260 | D:5      | Killed Ijyb
  5321 | D:5      | Reached **** piety under Lugonu
  5321 | D:5      | Reached XP level 8. HP: 59/64 MP: 8/8
  5924 | D:6      | Reached skill level 12 in Axes
  6337 | D:6      | You fall through a shaft for 2 floors!
  6355 | D:7      | Noticed a hornet
  6379 | D:8      | Reached skill level 13 in Axes
  6414 | D:8      | Reached XP level 9. HP: 62/70 MP: 9/9
  6443 | D:8      | Noticed a death yak
  6810 | D:6      | Reached skill level 14 in Axes
  6875 | D:6      | Found a staircase to the Ecumenical Temple.
  6890 | Temple   | Entered the Ecumenical Temple
  7183 | D:6      | Found Qepsies's Antique Armour Shoppe.
  7425 | D:7      | Reached skill level 15 in Axes
  7807 | D:7      | Noticed FortKnight's ghost (novice TrBe)
  7939 | D:7      | Reached skill level 16 in Axes
  8401 | D:7      | Mangled by FortKnight's ghost

Skill      XL: |  1  2  3  4  5  6  7  8  9 |
---------------+----------------------------+-----
Axes           | 3 4 5 6 7 9 11 13 16 | 16.1
Fighting       | |  3.6
Armour         | |  2.4
Dodging        | |  1.1
Invocations    | |  1.7

Action                   |  1- 3 |  4- 6 |  7- 9 || total
-------------------------+-------+-------+-------++-------
Melee: Hand axe          |   103 |   147 |    40 ||   290
       Headbutt          |    16 |    21 |    40 ||    77
       War axe           |       |       |   268 ||   268
Evoke: Wand              |       |       |     1 ||     1
  Use: Scroll            |       |       |    14 ||    14
 Stab: Paralysed         |       |       |     2 ||     2
  Eat: Chunk             |       |     9 |    14 ||    23
Armor: Leather armour    |    45 |    20 |    67 ||   132
Dodge: Dodged            |    59 |    66 |   130 ||   255
Block: Other             |       |     1 |    24 ||    25
